 Dungeon Crawl Stone Soup version 0.19-a0-645-gfd18b6f (webtiles) character file.

8417 Magifyre the Destroyer (level 11, -5/54 HPs)
             Began as a Deep Elf Fire Elementalist on June 14, 2016.
             Was a Priest of Vehumet.
             Slain by a killer bee (8 damage)
             ... on level 1 of the Lair of Beasts.
             The game lasted 01:29:28 (16642 turns).

Magifyre the Destroyer (DEFE)                      Turns: 16642, Time: 01:29:29

Health: -5/54      AC:  4    Str:  5    XL:     11   Next: 9%
Magic:  3/36       EV: 13    Int: 24    God:    Vehumet [***...]
Gold:   673        SH:  0    Dex: 15    Spells: 8 memorised, 9 levels left

rFire  . . .     SeeInvis .     T - +3 spear (venom)
rCold  . . .     Gourm    .     G - +1 robe {MR+}
rNeg   . . .     Faith    +     (no shield)
rPois  .         Spirit   .     (no helmet)
rElec  .         Dismiss  .     (no cloak)
rCorr  .         Reflect  .     J - +0 pair of gloves
SustAt .         Harm     .     (no boots)
MR     ++...                    w - amulet of faith
Stlth  ++........               i - ring of wizardry
                                s - ring of magical power

@: lethally poisoned (-5 -> -14), very resistant to hostile enchantments,
unstealthy
A: no striking features
a: Renounce Religion


You were on level 1 of the Lair of Beasts.
You worshipped Vehumet.
Vehumet was most pleased with you.
You were hungry.

You visited 3 branches of the dungeon, and saw 12 of its levels.

You collected 673 gold pieces.

Inventory:

Hand Weapons
 T - a +3 spear of venom (weapon)
Armour
 A - a +2 robe of cold resistance
 G - a +1 robe of magic resistance (worn)
 J - a +0 pair of gloves (worn)
Jewellery
 i - a ring of wizardry (right hand)
 m - an uncursed ring of protection from magic
 s - a ring of magical power (left hand)
 w - an amulet of faith (around neck)
 E - an uncursed ring of fire
 W - an uncursed ring of resist corrosion
 X - an uncursed ring of see invisible
Wands
 p - a wand of digging (10/24)
 K - a wand of acid (3/15)
 O - a wand of paralysis (14/24)
 P - a wand of digging (10/24)
Scrolls
 b - a scroll of identify
 h - 4 scrolls of immolation
 k - a scroll of random uselessness {unknown}
 l - 2 scrolls of amnesia {unknown}
 n - 8 scrolls of remove curse
 t - 4 scrolls of noise {unknown}
 u - 4 scrolls of enchant armour {unknown}
 y - a scroll of recharging {unknown}
 z - 4 scrolls of teleportation {unknown}
 Q - a scroll of enchant weapon {unknown}
 S - a scroll of fog {unknown}
 V - a scroll of blinking {unknown}
Potions
 a - 2 potions of cancellation
 e - 2 potions of curing
 f - 2 potions of magic {unknown}
 g - 4 potions of invisibility
 o - a potion of degeneration {unknown}
 q - 5 potions of heal wounds {unknown}
 r - 2 potions of ambrosia {unknown}
 v - a potion of mutation {unknown}
 x - 2 potions of haste {unknown}
 B - 4 potions of might {unknown}
 C - 2 potions of brilliance {unknown}
 F - a potion of agility
 H - 2 potions of berserk rage {unknown}
 L - a potion of resistance {unknown}
 N - 2 potions of lignification {unknown}
Miscellaneous
 U - a crystal ball of energy
Comestibles
 c - 8 bread rations
 d - 11 fruits
 j - 4 beef jerkies


   Skills:
 - Level 2.4 Dodging
 - Level 2.4 Stealth
 + Level 10.2 Spellcasting
 * Level 12.0 Conjurations
 * Level 12.0 Fire Magic


You had 9 spell levels left.
You knew the following spells:

 Your Spells              Type           Power        Failure   Level  Hunger
a - Flame Tongue          Conj/Fire      #####        1%          1    None
b - Throw Flame           Conj/Fire      ######       1%          2    None
c - Conjure Flame         Conj/Fire      ######..     1%          3    None
d - Sticky Flame          Conj/Fire      ######..     1%          4    #......
e - Fireball              Conj/Fire      ######....   1%          5    ####...
f - Magic Dart            Conj           ####         1%          1    None
g - Mephitic Cloud        Conj/Pois/Air  ####....     1%          3    None
h - Searing Ray           Conj           ######       1%          2    None


Dungeon Overview and Level Annotations

Branches:
Dungeon (10/15)            Temple (1/1) D:7            Lair (1/6) D:10
    Orc (0/2) D:10

Altars:
Ashenzari
Cheibriados
Dithmenos
Elyvilon
Fedhas
Gozag
Hepliaklqana
Kikubaaqudgha
Makhleb
Nemelex Xobeh
Okawaru
Pakellas
Qazlal
Ru
Sif Muna
Trog
Uskayaw
Vehumet
Xom
Yredelemnul
Zin
The Shining One

Shops:
D:4 }%}=   D:5 (

Annotations:
D:8 Erica


Message History

Aiming: Throw Flame
Press: ? - help, Shift-Dir - straight line, f/p - killer bee
Aim: a killer bee The puff of flame hits the killer bee.
The killer bee is moderately wounded.
The killer bee stings you.
* * * LOW HITPOINT WARNING * * *
You are lethally poisoned!
The killer bee poisons you! The killer bee barely misses you.
Unknown command.
Casting: Throw Flame
Confirm with . or Enter, or press ? or * to list all spells.
Aiming: Throw Flame
Press: ? - help, Shift-Dir - straight line, f/p - killer bee
Aim: a killer bee (moderately wounded)
The puff of flame hits the killer bee.
The killer bee is severely wounded.
* * * LOW HITPOINT WARNING * * *
You feel sick. The killer bee stings you!
You die...

###..........#
### #P.........#
...#
#.......#..#
..)#
####.......#
##..P#
##......###...##
#.............##
#...P...........
##..........###
##.......@P#
###†...†y##
#......#
##.††y## #.....
........
...#.#### ####.


You could see 2 killer bees.

Vanquished Creatures
  Erolcha (D:8)
  Pikel (D:7)
  A black mamba (Lair:1)
  A spiny frog (Lair:1)
  A troll (D:10)
  3 yaks (D:9)
  A hungry ghost (D:7)
  3 hippogriffs
  3 wargs (D:10)
  A soldier ant (D:7)
  A water moccasin (D:10)
  2 orc warriors (D:7)
  3 ice beasts
  2 slaves
  5 ogres
  3 centaurs
  A crocodile (D:8)
  4 giant frogs
  3 scorpions
  17 killer bees
  6 electric eels (D:10)
  14 wights
  2 centaur zombies
  2 giant frog zombies
  4 crimson imps
  3 jellies
  2 hounds (D:8)
  2 giant frog skeletons (D:4)
  7 orc priests
  Jessica (D:3)
  Ijyb (D:2)
  13 orc wizards
  2 iguanas (Lair:1)
  4 worker ants
  A hound zombie (D:7)
  4 hound skeletons
  A worker ant zombie (D:8)
  7 gnolls
  A howler monkey skeleton (D:6)
  6 river rats (Lair:1)
  18 adders
  3 shadow imps
  3 oozes
  An adder skeleton (D:4)
  An adder zombie (D:7)
  6 worms
  A dart slug (D:3)
  5 giant geckos
  40 orcs
  3 ball pythons
  6 giant cockroaches
  11 hobgoblins
  2 jackals (D:5)
  9 quokkas
  6 bats
  6 giant newts
  6 goblins
  11 kobolds
  A quokka skeleton (D:4)
  A quokka zombie (D:5)
  5 rats
285 creatures vanquished.

Vanquished Creatures (others)
  2 slaves (D:7)
  A worker ant (D:7)
  A giant cockroach (D:7)
  A hobgoblin (D:3)
5 creatures vanquished.

Grand Total: 290 creatures vanquished

Notes
Turn   | Place    | Note
--------------------------------------------------------------
     0 | D:1      | Magifyre the Deep Elf Fire Elementalist began the quest for the Orb.
     0 | D:1      | Reached XP level 1. HP: 10/10 MP: 6/6
   121 | D:1      | Reached XP level 2. HP: 15/15 MP: 2/8
   176 | D:1      | Learned a level 2 spell: Throw Flame
  1292 | D:2      | Reached XP level 3. HP: 19/19 MP: 0/9
  1763 | D:2      | Noticed Ijyb
  1827 | D:2      | Killed Ijyb
  1827 | D:2      | Reached XP level 4. HP: 24/24 MP: 0/10
  2468 | D:2      | Found a glowing silver altar of Zin.
  2979 | D:3      | Reached XP level 5. HP: 28/28 MP: 8/12
  2991 | D:3      | Learned a level 3 spell: Conjure Flame
  2996 | D:3      | Learned a level 4 spell: Sticky Flame
  3057 | D:3      | Found a snail-covered altar of Cheibriados.
  3179 | D:3      | Found a stormy altar of Qazlal.
  3257 | D:3      | Noticed Jessica
  3260 | D:3      | Killed Jessica
  3620 | D:3      | Found a shattered altar of Ashenzari.
  3620 | D:3      | Found a stormy altar of Qazlal.
  3982 | D:3      | Reached skill level 5 in Fire Magic
  4136 | D:4      | Reached XP level 6. HP: 32/32 MP: 14/14
  4238 | D:4      | Reached skill level 5 in Conjurations
  4298 | D:4      | Found a white marble altar of Elyvilon.
  4744 | D:4      | Noticed an ice beast
  4762 | D:4      | Killed an ice beast
  4762 | D:4      | Reached skill level 5 in Spellcasting
  4762 | D:4      | Reached XP level 7. HP: 36/36 MP: 11/16
  4846 | D:4      | Found Ronn's Jewellery Emporium.
  4883 | D:4      | Found Repriynua's Gadget Boutique.
  4946 | D:4      | Found Qoadiujiu's Food Shoppe.
  4971 | D:4      | Learned a level 5 spell: Fireball
  5084 | D:4      | Found Nuf Gosh's Gadget Shop.
  5523 | D:5      | Entered Level 5 of the Dungeon
  5570 | D:5      | Found a sacrificial altar of Ru.
  5601 | D:5      | Noticed a hippogriff
  5607 | D:5      | Killed a hippogriff
  5685 | D:5      | Found Patiofue's Weapon Emporium.
  6159 | D:5      | Reached XP level 8. HP: 41/41 MP: 18/19
  7384 | D:6      | Found a hazy altar of Hepliaklqana.
  7597 | D:6      | Found a snail-covered altar of Cheibriados.
  8550 | D:7      | Found a staircase to the Ecumenical Temple.
  8574 | D:7      | Noticed Pikel
  8752 | Temple   | Entered the Ecumenical Temple
  8844 | Temple   | Became a worshipper of Vehumet
  8910 | D:7      | Killed Pikel
  8910 | D:7      | Reached XP level 9. HP: 45/45 MP: 22/22
  9789 | D:7      | Learned a level 1 spell: Magic Dart
 10522 | D:7      | Learned a level 3 spell: Mephitic Cloud
 10796 | D:7      | Reached * piety under Vehumet
 10796 | D:7      | Offered knowledge of Sting by Vehumet.
 11574 | D:8      | Noticed Erica
 11894 | D:8      | Reached skill level 10 in Fire Magic
 11910 | D:8      | Reached ** piety under Vehumet
 11910 | D:8      | Offered knowledge of Searing Ray by Vehumet.
 11910 | D:8      | Reached skill level 10 in Conjurations
 12088 | D:8      | Learned a level 2 spell: Searing Ray
 12643 | D:8      | Upgraded the game from 0.19-a0-644-gd04d753 to 0.19-a0-645-gfd18b6f
 12722 | D:8      | Noticed Erolcha
 12751 | D:8      | Killed Erolcha
 12751 | D:8      | Reached XP level 10. HP: 27/50 MP: 14/25
 14033 | D:9      | Identified the Grimoire of the Voyage and Weightlessness
 14157 | D:10     | Entered Level 10 of the Dungeon
 14809 | D:10     | Found a staircase to the Orcish Mines.
 14844 | D:10     | Offered knowledge of Dazzling Spray by Vehumet.
 15186 | D:10     | Reached *** piety under Vehumet
 15360 | D:10     | Found a staircase to the Lair.
 15687 | D:10     | Reached skill level 10 in Spellcasting
 15854 | Lair:1   | Entered Level 1 of the Lair of Beasts
 15987 | Lair:1   | Offered knowledge of Throw Icicle by Vehumet.
 16183 | Lair:1   | Noticed a spiny frog
 16196 | Lair:1   | Killed a spiny frog
 16472 | Lair:1   | Noticed a black mamba
 16482 | Lair:1   | Killed a black mamba
 16482 | Lair:1   | Reached XP level 11. HP: 54/54 MP: 26/27
 16642 | Lair:1   | Slain by a killer bee

Vault maps used:
D:1:      minmay_arrival_split_and_join
D:2:      marbit_many_paths, uniq_iyjb
D:3:      nicolae_overflow_hidden_temple, gammafunk_temple_overflow_elements,
          grunt_qazlal_clouds, uniq_jessica
D:4:      minmay_door_path, serial_shops,
          nicolae_shop_temple_entry_statues_fountains, shop, shop,
          kennysheep_mini_moat, elyvilon_altar_3
D:5:      kennysheep_little_box, serial_shops, kennysheep_mini, first_bread
D:6:      lemuel_doored_altar, chei_slow_surprise
D:7:      temple_pool_a, minmay_misc_feat_columns, roderic_lattice_a,
          mrwooster_statue_mirror, uniq_pikel
D:8:      grunt_ogre_cave, nicolae_two_hexagons, uniq_erolcha, uniq_erica
D:9:      enter_bailey_1
D:10:     erik_lair_orcish_takeover, minmay_misc_feat_cross
Temple:   lightli_temple_of_artemis
Lair:1:   wad_woods_structure_01, special_room

Skill      XL: |  1  2  3  4  5  6  7  8  9 10 11 |
---------------+----------------------------------+-----
Conjurations   | 2 3 4 6 8 10 11 12 | 12.0
Fire Magic     | 4 5 7 8 10 11 12 | 12.0
Spellcasting   | 4 5 6 7 9 10 | 10.2
Dodging        | |  2.4
Stealth        | |  2.4

Action                   |  1- 3 |  4- 6 |  7- 9 | 10-12 || total
-------------------------+-------+-------+-------+-------++-------
Melee: Unarmed           |     2 |       |       |       ||     2
       Quarterstaff      |       |       |    96 |       ||    96
       Whip              |       |       |   145 |       ||   145
       Spear             |       |       |       |     4 ||     4
 Cast: Flame Tongue      |    28 |    78 |   182 |    52 ||   340
       Throw Flame       |    37 |    53 |    88 |   103 ||   281
       Conjure Flame     |       |     3 |    14 |    10 ||    27
       Fireball          |       |       |    51 |    32 ||    83
       Magic Dart        |       |       |    34 |     5 ||    39
  Use: Scroll            |       |     4 |     4 |     2 ||    10
       Potion            |       |       |       |     1 ||     1
 Stab: Distracted        |       |       |     1 |       ||     1
  Eat: Chunk             |     4 |    10 |    23 |     8 ||    45
       Royal jelly       |       |       |     1 |       ||     1
       Meat ration       |       |       |     2 |     1 ||     3
       Pizza             |       |       |     2 |       ||     2
       Beef jerky        |       |       |       |     1 ||     1
Armor: Robe              |     1 |     3 |    73 |     8 ||    85
Dodge: Dodged            |     9 |    14 |   179 |    19 ||   221
